 Dungeon Crawl Stone Soup version 0.27.1-33-g824d729ab1 (webtiles) character file.

Game seed: 4336051793873990750

679 UnDebs the Poker (level 7, -5/52 HPs)
             Began as a Merfolk Fighter on Dec 12, 2021.
             Was an Initiate of Qazlal.
             Slain by a bullfrog zombie (6 damage)
             ... on level 5 of the Dungeon.
             The game lasted 00:09:47 (5563 turns).

UnDebs the Poker (Merfolk Fighter)                  Turns: 5563, Time: 00:09:47

Health: -5/52      AC:  7    Str: 17    XL:     7   Next: 60%
Magic:  7/7        EV: 13    Int: 10    God:    Qazlal [......]
Gold:   198        SH:  0    Dex: 15    Spells: 6/6 levels left

rFire    . . .     SeeInvis .   a - +0 trident
rCold    . . .     Faith    .   (no shield)
rNeg     . . .     Spirit   .   e - +1 ring mail {rPois}
rPois    +         Reflect  .   s - +0 helmet {Int+3}
rElec    .         Harm     .   (no cloak)
rCorr    .         Rampage  .   (no gloves)
Will     .....                  (no boots)
Stlth    +.........             f - amulet of magic regeneration
HPRegen  0.17/turn              (no ring)
MPRegen  0.35/turn              (no ring)

@: no status effects
A: (nimble swimmer 2), mertail
a: Renounce Religion


You were on level 5 of the Dungeon.
You worshipped Qazlal.
Qazlal was noncommittal.
You visited 2 branches of the dungeon, and saw 6 of its levels.

You collected 198 gold pieces.

Inventory:

Hand Weapons
 a - a +0 trident (weapon)
Missiles
 m - 9 boomerangs (quivered)
Armour
 c - a +1 kite shield
 e - a +1 ring mail of poison resistance (worn)
 s - a +0 helmet of intelligence (worn)
Jewellery
 f - an amulet of magic regeneration (around neck)
 g - a +6 ring of dexterity
Scrolls
 b - a scroll of identify
 i - a scroll of teleportation
Potions
 d - a potion of might
 h - a potion of attraction
 k - a potion of curing
 l - a potion of brilliance
 n - 2 potions of flight
 p - a potion of heal wounds
 r - 5 potions of lignification
 v - a potion of mutation


   Skills:
 - Level 3.2 Fighting
 - Level 7.0 Polearms
 - Level 2.1 Armour
 - Level 5.0 Dodging
 + Level 6.2 Shields


You had 6 spell levels left.
You didn't know any spells.
Your spell library contained the following spells:

 Spells                   Type           Power      Damage    Failure   Level
 Foxfire                  Conj/Fire      0%         2x1d4     56%         1
 Conjure Flame            Conj/Fire      0%         6-21      90%         3
 Gell's Gravitas          Tloc           0%         N/A       90%         3
 Inner Flame              Hex/Fire       0%         N/A       90%         3
 Teleport Other           Tloc           0%         N/A       90%         3
 Dispersal                Tloc           0%         N/A       100%        6


Dungeon Overview and Level Annotations

Branches:
Dungeon (5/15)             Temple (1/1) D:4

Altars:
Ashenzari
Cheibriados
Gozag
Hepliaklqana
Qazlal
Sif Muna
Vehumet
Xom
Yredelemnul


Innate Abilities, Weirdness & Mutations

((You are quick and stealthy near water. (Stealth+, EV+, Speed+++)))
Your lower body shifts to a powerful aquatic tail in water.


Message History

The bullfrog zombie completely misses you.
Your ring mail prevents you from hitting the bullfrog zombie.
The bullfrog zombie is lightly damaged.
You feel sick. The bullfrog zombie misses you.
You hit the bullfrog zombie.
The bullfrog zombie is lightly damaged.
You feel sick. The bullfrog zombie hits you.
* * * LOW HITPOINT WARNING * * *
You hit the bullfrog zombie.
The bullfrog zombie is moderately damaged.
You feel sick.
The bullfrog zombie closely misses you. x2
You hit the bullfrog zombie.
The bullfrog zombie is moderately damaged.
You feel sick. The bullfrog zombie closely misses you.
You hit the bullfrog zombie.
The bullfrog zombie is moderately damaged.
You feel sick.
You are no longer poisoned.
The bullfrog zombie closely misses you.
You hit the bullfrog zombie.
The bullfrog zombie is moderately damaged.
The bullfrog zombie closely misses you. The bullfrog zombie barely misses you.
You hit the bullfrog zombie.
The bullfrog zombie is heavily damaged.
The bullfrog zombie barely misses you.
You hit the bullfrog zombie.
The bullfrog zombie is severely damaged.
The bullfrog zombie hits you.
* * * LOW HITPOINT WARNING * * *
You hit the bullfrog zombie but do no damage.
The bullfrog zombie is severely damaged.
The bullfrog zombie hits you but does no damage.
You puncture the bullfrog zombie!
The bullfrog zombie is severely damaged.
The bullfrog zombie closely misses you. The bullfrog zombie hits you.
* * * LOW HITPOINT WARNING * * *
You hit the bullfrog zombie.
The bullfrog zombie is almost destroyed.
The bullfrog zombie hits you.
You die...

........... ...........
....... ...........
#........ ...........
#........ ........<..
........ ...........
#.....##############'##.
#.....#...'.......|...#.
#.....#@..#...........#.
#.....Z...#...........#.
#.....#...#...........#.
#.:...#...#...........#.
#.....##############..#.
####......... #####
#...(..... #.........
#.........


You could see a bullfrog zombie.

Vanquished Creatures
  2 ogres (D:4)
  The ghost of spimroxx the Insei, an amateur OpTm (D:3)
  A scorpion (D:5)
  2 hounds (D:4)
  2 orc priests (D:3)
  2 orc wizards (D:3)
  Robin (D:3)
  7 adders
  2 ufetubi
  2 adder skeletons
  A worm (D:2)
  3 dart slugs
  12 orcs
  7 ball pythons
  4 endoplasms
  7 giant cockroaches
  13 hobgoblins
  3 jackals (D:2)
  5 quokkas
  5 bats
  5 frilled lizards
  16 goblins
  7 kobolds
  6 rats
116 creatures vanquished.

Vanquished Creatures (others)
  3 plants (D:4)
3 creatures vanquished.

Grand Total: 119 creatures vanquished

Notes
Turn   | Place    | Note
-------+----------+-------------------------------------------
     0 | D:1      | UnDebs the Merfolk Fighter began the quest for the Orb.
     0 | D:1      | Reached XP level 1. HP: 18/18 MP: 1/1
   273 | D:1      | Reached XP level 2. HP: 24/24 MP: 2/2
   597 | D:1      | Reached skill level 4 in Polearms
   710 | D:1      | Reached XP level 3. HP: 29/29 MP: 3/3
  1262 | D:2      | Found a faded altar of an unknown god.
  1922 | D:2      | Reached XP level 4. HP: 25/35 MP: 4/4
  2295 | D:3      | Noticed Robin
  2348 | D:3      | Reached skill level 5 in Polearms
  2358 | D:3      | Reached XP level 5. HP: 31/41 MP: 5/5
  2369 | D:3      | Reached skill level 5 in Shields
  2369 | D:3      | Reached skill level 1 in Dodging
  3237 | D:3      | Reached XP level 6. HP: 47/47 MP: 6/6
  3364 | D:3      | Killed Robin
  3732 | D:3      | Found a large runed translucent door.
  3732 | D:3      | Found a large runed translucent door.
  3737 | D:3      | Noticed spimroxx's ghost (amateur OpTm)
  3806 | D:3      | Killed spimroxx's ghost
  3807 | D:3      | Reached skill level 5 in Dodging
  3958 | D:4      | Found a staircase to the Ecumenical Temple.
  3965 | Temple   | Entered the Ecumenical Temple
  4012 | Temple   | Became a worshipper of Qazlal Stormbringer
  4215 | D:4      | Reached skill level 6 in Polearms
  4215 | D:4      | Reached XP level 7. HP: 19/52 MP: 7/7
  5228 | D:4      | Reached skill level 7 in Polearms
  5503 | D:5      | Entered Level 5 of the Dungeon
  5562 | D:5      | HP: 1/52 [bullfrog zombie (2)]
  5563 | D:5      | Slain by a bullfrog zombie

Illustrated notes

Levels and vault maps discovered:
D:1:      lightli_arrival_quake, layout_basic, lemuel_another_geyser
D:2:      layout_basic, shapermc_ecumenical_altar_flowoftime
D:3:      minmay_door_path, layout_basic, ebering_ghost_disaster_area,
          uniq_robin
D:4:      layout_loops_corners, minmay_temple_entry_gardened_gates,
          chequers_decorated_corner
D:5:      layout_gridville, nicolae_ru_sacrificial_ziggurat,
          eat_drink_and_be_merry_uskayaw, serial_shops, kennysheep_little_box,
          chequers_serial_rivers_micro_e
Temple:   kb_temple_of_zot

Skill      XL: |  1  2  3  4  5  6  7 |
---------------+----------------------+-----
Polearms       | 4 5 6 7 |  7.0
Shields        | 4 5 6 |  6.2
Dodging        | 3 5 |  5.0
Fighting       | |  3.2
Armour         | |  2.1

Action                   |  1- 3 |  4- 6 |  7- 9 || total
-------------------------+-------+-------+-------++-------
Melee: Trident           |   131 |   224 |    97 ||   452
Throw: Boomerang         |       |     8 |     2 ||    10
  Use: Potion            |       |     1 |       ||     1
       Scroll            |       |     9 |     3 ||    12
Armor: Scale mail        |     8 |       |       ||     8
       Ring mail         |    29 |    71 |    17 ||   117
Dodge: Dodged            |    62 |   104 |    60 ||   226
